[Event "*** Titled Tuesday Blitz"]
[Site "Chess.com"]
[Date "2019.08.06"]
[Round "9"]
[White "Jbd735"]
[Black "OlympusMons95"]
[Result "0-1"]
[WhiteElo "2480"]
[BlackElo "2683"]
[TimeControl "180+2"]
[EndTime "15:05:36 PDT"]
[Termination "OlympusMons95 won by resignation"]

1. e4 e5 2. Nf3 Nc6 3. Bb5 a6 4. Ba4 Nf6 5. O-O Be7 6. Re1 b5 7. Bb3 d6 8. c3 O-O 9. h3 Bb7 10.
d4 Re8 11. Nbd2 exd4 12. cxd4 Nd7 13. Nf1 Na5 14. Bc2 Bf6 15. Ng3 g6 16. b3 c5 17.
Be3 Nc6 18. Rc1 h5 19. e5 cxd4 20. exf6 dxe3 21. Ne4 exf2+ 22. Kxf2 Nxf6 23. Nxd6 Rxe1 24. Nxe1 Qb6+ 25. Kg3 Rd8 26. Nf3 Qc7 0-1

[Event "*** Titled Tuesday Blitz"]
[Site "Chess.com"]
[Date "2019.08.06"]
[Round "9"]
[White "pedromartinez91"]
[Black "NemtsevIgor"]
[Result "0-1"]
[WhiteElo "2451"]
[BlackElo "2319"]
[TimeControl "180+2"]
[EndTime "15:05:45 PDT"]
[Termination "NemtsevIgor won by resignation"]

1. e4 c6 2. c4 d5 3. cxd5 cxd5 4. exd5 a6 5. Qa4+ Nd7 6. Nc3 Rb8 7. Nf3 b5 8. Qb3 Ngf6 9. d4 Bb7 10. Bf4 Rc8 11. Be2 Nb6 12. d6 e6 13. O-O Bxd6 14. Bxd6 Qxd6 15. Rad1 O-O 16. a4 b4 17. a5 Nbd5 18. Na4 Nf4 19. Qe3 Bc6 20. Nc5 Nxe2+ 21. Qxe2 Bb5 22. Qe5 Qxe5 23. Nxe5 Bxf1 24. Kxf1 Rfd8 25.
Nxa6 Ra8 26. Nxb4 Rdb8 27. Nec6 Rb5 28. a6 Nd5 29. Nxd5 exd5 30. a7 Rxb2 31. Re1 Rc2 32. Rb1 Rxc6 33. Rb8+ Rc8 34. Rxc8+ Rxc8 35. Ke1 0-1

[Event "*** Titled Tuesday Blitz"]
[Site "Chess.com"]
[Date "2019.08.06"]
[Round "9"]
[White "dianamirza"]
[Black "Komissarov_alex"]
[Result "0-1"]
[WhiteElo "2280"]
[BlackElo "2174"]
[TimeControl "180+2"]
[EndTime "15:05:52 PDT"]
[Termination "Komissarov_alex won by checkmate"]

1. e4 d5 2. exd5 Nf6 3. d4 Bg4 4. f3 Bf5 5. g4 Bg6 6. c4 e6 7.
dxe6 Nc6 8. d5 Nb4 9. exf7+ Kxf7 10. Na3 Bc5 11. Be2 Re8 12. Nh3 Nxg4 13. Ng5+ Kg8 14.
fxg4 Nd3+ 15. Kf1 Rf8+ 16. Nf3 Qh4 17. Kg2 Qxg4+ 18. Kf1 Qh3# 0-1

[Event "*** Titled Tuesday Blitz"]
[Site "Chess.com"]
[Date "2019.08.06"]
[Round "9"]
[White "StephenDedalus83"]
[Black "BlitzWizard04"]
[Result "1-0"]
[WhiteElo "2787"]
[BlackElo "2500"]
[TimeControl "180+2"]
[EndTime "15:06:02 PDT"]
[Termination "StephenDedalus83 won by resignation"]

1. e4 e5 2. Nf3 Nf6 3. Nxe5 d6 4. Nf3 Nxe4 5. d4 d5 6. Bd3 Bf5 7. O-O Be7 8. c4 dxc4 9. Bxc4 O-O 10. Nc3 Nc6 11. Re1 Nxc3 12. bxc3 Bg4 13. h3 Bh5 14.
Rb1 b6 15. Rb5 Bg6 16. Bd5 a6 17. Bxc6 axb5 18. Bxa8 Qxa8 19. Rxe7 c5 20. d5 Qxa2 21. Bf4 b4 22. cxb4 cxb4 23. d6 b3 24. d7 b2 25.
Re8 Qa3 26. Bd6 Qxd6 27. Qxd6 b1=Q+ 28. Kh2 1-0

[Event "*** Titled Tuesday Blitz"]
[Site "Chess.com"]
[Date "2019.08.06"]
[Round "9"]
[White "Genghis_K"]
[Black "sergiochess83"]
[Result "0-1"]
[WhiteElo "2877"]
[BlackElo "2924"]
[TimeControl "180+2"]
[EndTime "15:06:12 PDT"]
[Termination "sergiochess83 won by resignation"]

1. e4 c5 2. Nf3 e6 3. g3 Nc6 4.
Bg2 Nf6 5. Nc3 d6 6. d4 cxd4 7.
Nxd4 Bd7 8. Ndb5 Qb8 9. O-O a6 10. Nd4 Be7 11. a4 O-O 12. a5 Qc7 13. Nb3 Rfe8 14.
Re1 Ne5 15. h3 Rac8 16. Kh2 Nc4 17. f4 e5 18. f5 h6 19. Qd3 b5 20. axb6 Qxb6 21.
g4 a5 22. Na4 Qb4 23. Nc3 a4 24. Nd2 Nxb2 25. Bxb2 Qxb2 26. Re3 Qxa1 0-1

[Event "*** Titled Tuesday Blitz"]
[Site "Chess.com"]
[Date "2019.08.06"]
[Round "9"]
[White "albi1999"]
[Black "yoolund"]
[Result "1-0"]
[WhiteElo "2516"]
[BlackElo "2637"]
[TimeControl "180+2"]
[EndTime "15:06:19 PDT"]
[Termination "albi1999 won by resignation"]

1. d4 Nf6 2. c4 g6 3. g3 Bg7 4. Bg2 O-O 5. Nc3 d6 6. Nf3 Nc6 7. O-O Bf5 8. d5 Na5 9. Nd2 c5 10. e4 Bd7 11. Qc2 a6 12. b3 b5 13. Bb2 Rb8 14. Rab1 bxc4 15. bxc4 e6 16. h3 exd5 17.
cxd5 h5 18. Ba1 Rxb1 19. Rxb1 h4 20. g4 Nxg4 21. hxg4 Bxg4 22. f3 Bd4+ 23. Kh1 h3 24.
Bf1 Bh5 25. Ne2 Bf2 26. Qc3 f6 27. Nf4 1-0

[Event "*** Titled Tuesday Blitz"]
[Site "Chess.com"]
[Date "2019.08.06"]
[Round "9"]
[White "Hanging_pointer"]
[Black "GMMarcinDziuba"]
[Result "0-1"]
[WhiteElo "2481"]
[BlackElo "2720"]
[TimeControl "180+2"]
[EndTime "15:06:26 PDT"]
[Termination "GMMarcinDziuba won by resignation"]

1. e4 d6 2. d4 g6 3. Nc3 Bg7 4. Be3 a6 5. Qd2 b5 6. h4 h6 7. h5 g5 8. a4 b4 9. Nd5 a5 10. f4 e6 11. fxg5 exd5 12. exd5 Ba6 13. Nf3 hxg5 14. Bxg5 Bf6 15. Bxa6 Nxa6 16. O-O-O b3 17.
Rde1+ Kf8 18. c3 Qd7 19. Qf4 Qxa4 20. Bxf6 Qa1+ 21. Kd2 Qxb2+ 22. Ke3 Re8+ 23. Ne5 dxe5 24. Qg5 Nxf6 25. Qxf6 Qxc3+ 0-1

[Event "*** Titled Tuesday Blitz"]
[Site "Chess.com"]
[Date "2019.08.06"]
[Round "9"]
[White "Korchmar_Vasiliy"]
[Black "AbasovN"]
[Result "0-1"]
[WhiteElo "2694"]
[BlackElo "2893"]
[TimeControl "180+2"]
[EndTime "15:06:28 PDT"]
[Termination "AbasovN won by resignation"]

1. d4 Nf6 2. c4 e6 3. g3 d5 4. Bg2 dxc4 5. Nf3 c6 6. O-O b5 7.
Ne5 Bb7 8. b3 cxb3 9. axb3 Be7 10. Nc3 a6 11. Bb2 O-O 12. Ne4 Qb6 13. Qc2 Nbd7 14.
Nd3 a5 15. Nec5 Nxc5 16. dxc5 Qc7 17. Be5 Qc8 18. Qb2 Rd8 19. h3 Ne8 20. b4 a4 21.
Nf4 f6 22. Bc3 e5 23. Nd3 Qe6 24. g4 Nc7 25. e4 Rxd3 0-1

[Event "*** Titled Tuesday Blitz"]
[Site "Chess.com"]
[Date "2019.08.06"]
[Round "9"]
[White "mikhaillushenkov"]
[Black "BlackBoarder"]
[Result "0-1"]
[WhiteElo "2675"]
[BlackElo "2681"]
[TimeControl "180+2"]
[EndTime "15:06:36 PDT"]
[Termination "BlackBoarder won by resignation"]

1. Nf3 Nf6 2. c4 e6 3. g3 d5 4. Bg2 Be7 5. O-O O-O 6. b3 Ne4 7. e3 Bf6 8. d4 c5 9. Ba3 Qa5 10. Qe1 Qxe1 11. Rxe1 Rd8 12. Ne5 cxd4 13. exd4 Nc6 14.
cxd5 exd5 15. Bb2 Bf5 16. Na3 Rac8 17. Nxc6 Rxc6 18. g4 Bg6 19. Rac1 Rdc8 20. Rxc6 Rxc6 21. f3 Nd6 22. Nb5 h5 23. Nxd6 Rxd6 24. Re8+ Kh7 25. Rc8 Re6 26. Kf1 Bd3+ 27. Kg1 Re1+ 0-1

[Event "*** Titled Tuesday Blitz"]
[Site "Chess.com"]
[Date "2019.08.06"]
[Round "9"]
[White "Wolverine_master"]
[Black "Sveta10"]
[Result "1-0"]
[WhiteElo "2106"]
[BlackElo "2056"]
[TimeControl "180+2"]
[EndTime "15:06:39 PDT"]
[Termination "Wolverine_master won by resignation"]

1. Nf3 Nf6 2. g3 g6 3. Bg2 Bg7 4. c4 O-O 5. Nc3 d6 6. O-O e5 7. d3 Nc6 8. Rb1 a5 9. a3 Ne8 10. b4 f5 11. Bg5 Nf6 12. Nd2 h6 13. Bxf6 Bxf6 14. b5 Ne7 15. Nd5 Nxd5 16. cxd5 b6 17. Qc2 Bb7 18. Rfc1 Rf7 19. Qa4 Qd7 20. Rc2 Re8 21.
Rbc1 Bd8 22. e4 f4 23. d4 fxg3 24. fxg3 exd4 25. Qxd4 Qxb5 26. Bh3 Kh7 27. Be6 Rff8 28. Rxc7+ Re7 29. Rxe7+ Bxe7 30. Rc7 Qe8 31. Rxb7 h5 32. Nc4 Kh6 33. Nxd6 Qa8 34. Rxe7 1-0

[Event "*** Titled Tuesday Blitz"]
[Site "Chess.com"]
[Date "2019.08.06"]
[Round "9"]
[White "Konavets"]
[Black "KhazarBabazada"]
[Result "0-1"]
[WhiteElo "2974"]
[BlackElo "2847"]
[TimeControl "180+2"]
[EndTime "15:06:43 PDT"]
[Termination "KhazarBabazada won by resignation"]

1. d4 Nf6 2. Nf3 g6 3. c4 Bg7 4. Nc3 d5 5. cxd5 Nxd5 6. e4 Nxc3 7. bxc3 O-O 8. Be2 c5 9. Rb1 b6 10. O-O Bb7 11. Qd3 Qd6 12. Rd1 Nd7 13. d5 Ne5 14. Nxe5 Bxe5 15. g3 e6 16. c4 exd5 17. exd5 Rae8 18.
Bh6 Bg7 19. Bxg7 Kxg7 20. Bf3 Bc8 21. Re1 Qf6 22. a4 Bf5 23. Be4 Rxe4 24. Rxe4 Re8 25. Rbe1 Bxe4 26. Rxe4 Qa1+ 27. Kg2 Qxa4 28. Qc3+ Kg8 29.
Rf4 Qd7 30. h4 h5 31. Qf6 b5 32. Qg5 b4 33. g4 b3 34. gxh5 b2 35. Qf6 b1=Q 36.
h6 Qh1+ 0-1

[Event "*** Titled Tuesday Blitz"]
[Site "Chess.com"]
[Date "2019.08.06"]
[Round "9"]
[White "JMatias"]
[Black "Irochka83"]
[Result "1-0"]
[WhiteElo "2452"]
[BlackElo "2322"]
[TimeControl "180+2"]
[EndTime "15:06:44 PDT"]
[Termination "JMatias won on time"]

1. c4 c5 2. g3 Nc6 3. Bg2 g6 4. Nc3 Bg7 5. Nf3 e6 6. a3 Nge7 7. b4 cxb4 8. axb4 Nxb4 9. Ba3 Nbc6 10.
Nb5 O-O 11. Bd6 Bxa1 12. Bc7 Bg7 13. Bxd8 Rxd8 14. Nd6 Nf5 15. Nxf5 exf5 16. h4 h5 17. O-O d6 18. Qb3 Ne5 19. Rb1 Nxf3+ 20. Bxf3 a5 21.
Bd5 a4 22. Qa3 Ra7 23. Rb4 Bd7 24. Rxb7 Rxb7 25. Bxb7 Be8 26. Ba6 Ra8 27. Bb5 Kf8 28. Qxd6+ Kg8 29. Bxe8 a3 30. Bxf7+ 1-0

[Event "*** Titled Tuesday Blitz"]
[Site "Chess.com"]
[Date "2019.08.06"]
[Round "9"]
[White "ruvat"]
[Black "Alopekos"]
[Result "0-1"]
[WhiteElo "2354"]
[BlackElo "2475"]
[TimeControl "180+2"]
[EndTime "15:06:46 PDT"]
[Termination "Alopekos won by resignation"]

1. d4 Nf6 2. c4 e6 3. g3 d5 4. Nf3 Be7 5. Bg2 O-O 6. O-O dxc4 7. Ne5 c5 8. dxc5 Qc7 9. Nxc4 Qxc5 10. b3 Rd8 11. Nbd2 Nc6 12. Ba3 Nb4 13. Qc1 e5 14. Qb2 Bg4 15. Nf3 e4 16. Nfe5 Bf5 17. Ne3 Be6 18. Rac1 Qb5 19. Rfd1 h6 20. N5c4 a5 21. Qe5 Qxe5 22. Nxe5 a4 23. Rc7 Rxd1+ 24. Nxd1 axb3 25. Rxe7 bxa2 0-1

[Event "*** Titled Tuesday Blitz"]
[Site "Chess.com"]
[Date "2019.08.06"]
[Round "9"]
[White "Witaliss"]
[Black "Faustregel"]
[Result "0-1"]
[WhiteElo "2412"]
[BlackElo "2516"]
[TimeControl "180+2"]
[EndTime "15:06:47 PDT"]
[Termination "Faustregel won by resignation"]

1. d4 d5 2. c4 c6 3. Nf3 Nf6 4. Nc3 a6 5. c5 g6 6. Bf4 Bg7 7. h3 O-O 8. e3 Ne4 9. Bd3 Nxc3 10. bxc3 Nd7 11. O-O e5 12. Nxe5 Nxe5 13. Bxe5 Bxe5 14.
dxe5 Qe7 15. f4 Qxc5 16. Qd2 f6 17. exf6 Rxf6 18. Kh1 Bf5 19. Bxf5 gxf5 20. Qd4 Qxd4 21. exd4 Re6 22. Rf3 Kf7 23. Rb1 b5 24. a4 Re2 25.
axb5 axb5 26. Rbf1 Raa2 27. Rg3 Ke6 28. Rff3 Kd6 29.
Rg5 h6 30. Rg6+ Kc7 31. Rfg3 h5 32. R3g5 h4 33. Rh6 Re1+ 34. Kh2 Raa1 35. Rxh4 Rh1+ 36. Kg3 Rac1 37. Rxf5 Rxc3+ 38. Kg4 b4 39. Rf7+ Kb6 40. Rhh7 Kb5 41. Kf5 b3 42. g4 Kc4 43. Rb7 Kxd4 44. g5 c5 45. g6 c4 46. g7 Rg1 47.
Rh5 Rxg7 48. Rxg7 b2 49. Rb7 Rb3 50. Rxb3 cxb3 51. Ke6 b1=Q 52. Rxd5+ Kc4 0-1

[Event "*** Titled Tuesday Blitz"]
[Site "Chess.com"]
[Date "2019.08.06"]
[Round "9"]
[White "Winehouse83"]
[Black "capatl"]
[Result "0-1"]
[WhiteElo "2605"]
[BlackElo "2557"]
[TimeControl "180+2"]
[EndTime "15:06:52 PDT"]
[Termination "capatl won by checkmate"]

1. d4 Nf6 2. c4 e6 3. Nf3 d5 4. Nc3 Nbd7 5. cxd5 exd5 6. Bg5 Be7 7. e3 c6 8. Bd3 Nf8 9. Qc2 Ne6 10. Bxf6 Bxf6 11.
O-O-O g6 12. g4 Ng5 13. Nxg5 Bxg5 14. Rdg1 Qe7 15. Kb1 Be6 16. f4 Bf6 17. f5 Bd7 18. e4 Bxd4 19. Re1 O-O 20. exd5 Qc5 21. fxg6 fxg6 22.
Bxg6 hxg6 23. Qxg6+ Bg7 24. Ne4 Qd4 25. Re2 Qd3+ 26.
Ka1 Qxe2 27. a3 Qxb2# 0-1

[Event "*** Titled Tuesday Blitz"]
[Site "Chess.com"]
[Date "2019.08.06"]
[Round "9"]
[White "FairChess_on_YouTube"]
[Black "Zhuu96"]
[Result "1-0"]
[WhiteElo "3033"]
[BlackElo "2945"]
[TimeControl "180+2"]
[EndTime "15:06:58 PDT"]
[Termination "FairChess_on_YouTube won by resignation"]

1. c4 Nf6 2. Nc3 e6 3. d4 Bb4 4. Nf3 O-O 5. Bg5 d5 6. cxd5 exd5 7.
Rc1 c6 8. e3 h6 9. Bh4 Bf5 10. Ne5 Nbd7 11. Nxd7 Bxd7 12. Bd3 Bd6 13. O-O Re8 14. a3 g5 15. Bg3 Bxg3 16. hxg3 h5 17. Qd2 Ng4 18. Rce1 Qf6 19. e4 h4 20. gxh4 gxh4 21.
exd5 Kh8 22. Ne4 Qxd4 23. Nd6 Rxe1 24. Nxf7+ Kg7 25. Rxe1 Qxd5 26. Qc3+ Nf6 27. Bc4 Qc5 28. Re5 1-0

[Event "*** Titled Tuesday Blitz"]
[Site "Chess.com"]
[Date "2019.08.06"]
[Round "9"]
[White "boasovietica"]
[Black "djano"]
[Result "1-0"]
[WhiteElo "2463"]
[BlackElo "2332"]
[TimeControl "180+2"]
[EndTime "15:07:03 PDT"]
[Termination "boasovietica won by resignation"]

1. e4 c5 2. Nf3 Nc6 3. d4 cxd4 4. Nxd4 Nf6 5. Nc3 e5 6. Ndb5 d6 7. Bg5 a6 8. Na3 b5 9. Bxf6 gxf6 10. Nd5 Bg7 11.
c3 f5 12. Bd3 Be6 13. Qh5 Bxd5 14. exd5 Ne7 15. Bxf5 Nxd5 16. O-O Nf4 17. Qg4 Kf8 18. Rad1 Qf6 19. g3 h5 20. Qf3 Qxf5 21. Qxa8+ Ke7 22. Qb7+ Ke6 23. gxf4 Bh6 24. Qd5+ Kf6 25. Qxd6+ 1-0

[Event "*** Titled Tuesday Blitz"]
[Site "Chess.com"]
[Date "2019.08.06"]
[Round "9"]
[White "chessbia"]
[Black "novocane"]
[Result "1-0"]
[WhiteElo "2250"]
[BlackElo "2168"]
[TimeControl "180+2"]
[EndTime "15:07:08 PDT"]
[Termination "chessbia won by resignation"]

1. d4 Nf6 2. c4 e6 3. Nc3 Bb4 4. Qc2 d5 5. cxd5 Qxd5 6. e3 O-O 7. Bd2 Bxc3 8. Bxc3 c5 9. Nf3 Nc6 10. a3 b6 11. Rd1 Bb7 12. Be2 Rac8 13. O-O cxd4 14. exd4 Ne4 15. Bd3 Nxc3 16. Bxh7+ Kh8 17. bxc3 g6 18.
Bxg6 fxg6 19. Qxg6 Qf5 20. Qh6+ Qh7 21. Qxe6 Rxf3 22.
gxf3 Nxd4 23. Qf6+ Qg7+ 24. Qxg7+ Kxg7 25. Rxd4 Bxf3 26. Rc1 Kh6 27. h4 Kh5 28. Kf1 Rf8 29. a4 Bg4 30. Rb1 Rc8 31. Rb5+ 1-0

[Event "*** Titled Tuesday Blitz"]
[Site "Chess.com"]
[Date "2019.08.06"]
[Round "9"]
[White "Parhamov"]
[Black "mishanick"]
[Result "1-0"]
[WhiteElo "2978"]
[BlackElo "2982"]
[TimeControl "180+2"]
[EndTime "15:07:11 PDT"]
[Termination "Parhamov won by resignation"]

1. e4 c5 2. Nf3 d6 3. d4 Nf6 4.
Nc3 cxd4 5. Nxd4 a6 6. h3 b5 7. g3 Bb7 8. Bg2 Nc6 9. O-O Nxd4 10. Qxd4 e5 11. Qd3 Be7 12. a4 b4 13. Nd1 a5 14. c4 bxc3 15. Nxc3 O-O 16. Bg5 Ba6 17. Nb5 Qb6 18. Rfd1 Rfb8 19. Bf1 Rd8 20. Rac1 d5 21.
Bxf6 dxe4 22. Qxe4 Bxf6 23. Nc7 Rac8 24. Nxa6 Rxc1 25.
Rxc1 Qxb2 26. Rc2 Qa1 27. Kg2 g6 28. Bc4 Kg7 29. Qb7 Rf8 30. Nc5 Qd1 31. Bb3 h5 32. Ne6+ Kh6 33. Nxf8 1-0

[Event "*** Titled Tuesday Blitz"]
[Site "Chess.com"]
[Date "2019.08.06"]
[Round "9"]
[White "JussupowFan"]
[Black "Blitzking642"]
[Result "0-1"]
[WhiteElo "2201"]
[BlackElo "2387"]
[TimeControl "180+2"]
[EndTime "15:07:15 PDT"]
[Termination "Blitzking642 won by checkmate"]

1. d4 Nf6 2. c4 g6 3. Nf3 Bg7 4. g3 c6 5. Bg2 O-O 6. O-O d5 7. cxd5 cxd5 8. Ne5 Ng4 9. Nxg4 Bxg4 10.
h3 Be6 11. Nc3 Nc6 12. e3 Rc8 13. b3 Nxd4 14. exd4 Rxc3 15. Bb2 Rc8 16. Re1 Qd7 17. Qd2 Rc7 18. Kh2 Rfc8 19. Rac1 Rxc1 20. Bxc1 Qc6 21. Ba3 Qc2 22. Qb4 Qxf2 23. Rf1 Qxd4 24. Qxe7 Bf8 25. Qxb7 Bxa3 26. Rxf7 Bc5 27. g4 Bd6+ 28. Kh1 Rc1+ 29. Rf1 Rxf1+ 30. Bxf1 Qe4+ 31. Bg2 Qe1+ 32. Bf1 Qxf1# 0-1

[Event "*** Titled Tuesday Blitz"]
[Site "Chess.com"]
[Date "2019.08.06"]
[Round "9"]
[White "politeplayer"]
[Black "MFguimaraes"]
[Result "0-1"]
[WhiteElo "2240"]
[BlackElo "2279"]
[TimeControl "180+2"]
[EndTime "15:07:18 PDT"]
[Termination "MFguimaraes won by resignation"]

1. e4 e6 2. Nf3 d5 3. exd5 exd5 4. d4 Bd6 5. c4 dxc4 6. Bxc4 Ne7 7. O-O Nbc6 8. h3 h6 9. Nc3 Bf5 10. a3 O-O 11.
Be3 Qd7 12. Re1 Rad8 13. Rc1 Ng6 14. Bb5 a6 15. Bf1 Rfe8 16. b4 Nce7 17. Qa4 c6 18. Qb3 Be6 19. Qb1 Nd5 20. Ne4 Bb8 21. Nc5 Qc7 22.
Nxe6 Rxe6 23. Bd2 Nh4 24. Ne5 f6 25. g3 fxe5 26. gxh4 exd4 27. f4 Ne3 28. Bxe3 Rxe3 29.
Bc4+ Kh8 30. Rxe3 dxe3 31. Rd1 Rf8 32. Qg6 Qxf4 33. Qg2 0-1

[Event "*** Titled Tuesday Blitz"]
[Site "Chess.com"]
[Date "2019.08.06"]
[Round "9"]
[White "Ibraev_Vasilj"]
[Black "HrvojeZagreb"]
[Result "0-1"]
[WhiteElo "2284"]
[BlackElo "2091"]
[TimeControl "180+2"]
[EndTime "15:07:22 PDT"]
[Termination "HrvojeZagreb won by resignation"]

1. Nf3 d5 2. g3 Bg4 3. Bg2 c6 4. d3 Nd7 5. O-O Ngf6 6. c4 e6 7. Nbd2 Be7 8. b3 O-O 9. Bb2 a5 10. a3 b5 11. cxb5 cxb5 12. h3 Bxf3 13. Nxf3 Nc5 14.
Rc1 a4 15. b4 Nb3 16. Rc2 Qb6 17. Nd2 Nxd2 18. Qxd2 Rac8 19. Rfc1 Qb7 20. e4 Rfd8 21.
Rxc8 Rxc8 22. Rxc8+ Qxc8 23. Bxf6 Bxf6 24. exd5 exd5 25.
Bxd5 Qxh3 26. Bc6 Qf5 27. d4 h5 28. Kg2 h4 29. d5 h3+ 30. Kh2 Qf3 31. Kxh3 g6 32.
Bxb5 Qh1+ 33. Kg4 Qh5+ 34. Kf4 Qg5+ 35. Ke4 Qxd2 36. Bxa4 Qd4+ 37. Kf3 Qxd5+ 38. Ke2 Qa2+ 0-1

[Event "*** Titled Tuesday Blitz"]
[Site "Chess.com"]
[Date "2019.08.06"]
[Round "9"]
[White "julinha97"]
[Black "pandamaster3000"]
[Result "0-1"]
[WhiteElo "2223"]
[BlackElo "2301"]
[TimeControl "180+2"]
[EndTime "15:07:31 PDT"]
[Termination "pandamaster3000 won on time"]

1. e4 c5 2. Nf3 d6 3. Nc3 Nf6 4. e5 dxe5 5. Nxe5 Nbd7 6. d4 cxd4 7. Qxd4 a6 8. Bf4 e6 9. O-O-O Qa5 10. Nxd7 Nxd7 11.
Bc4 Qc5 12. Rhe1 Qxd4 13. Rxd4 Bc5 14. Rd2 O-O 15. Bd6 Bxd6 16. Rxd6 Nf6 17. a4 Bd7 18. Ne4 Bxa4 19. Nxf6+ gxf6 20. b3 Bc6 21. Re3 Rfd8 22.
Red3 Rxd6 23. Rxd6 Kf8 24. f3 Ke7 25. Rd4 Rg8 26.
Bf1 Rg5 27. Kb2 Rd5 28. Rh4 h5 29. Bc4 Rg5 30. f4 Rxg2 31. Rxh5 Be4 0-1

[Event "*** Titled Tuesday Blitz"]
[Site "Chess.com"]
[Date "2019.08.06"]
[Round "9"]
[White "Msb2"]
[Black "hurricane7791"]
[Result "1-0"]
[WhiteElo "2860"]
[BlackElo "2717"]
[TimeControl "180+2"]
[EndTime "15:07:40 PDT"]
[Termination "Msb2 won by resignation"]

1. d4 Nf6 2. c4 e6 3. Nc3 Bb4 4. e3 O-O 5. Bd2 d5 6. Nf3 b6 7. cxd5 exd5 8. Rc1 a6 9. Bd3 Bb7 10. O-O Bd6 11. Ne5 c5 12. f4 Nc6 13. Ng4 Nxg4 14.
Qxg4 cxd4 15. Nxd5 dxe3 16. Bc3 f6 17. Qe6+ Kh8 18.
Qh3 f5 19. Bxf5 Rxf5 20. Qxf5 Bc5 21. Kh1 Nd4 22. Bxd4 Bxd4 23. Nc7 Bxb2 24. Nxa8 e2 25. Qc2 exf1=Q+ 26. Rxf1 Bf6 27. Nc7 Qc8 28. Re1 1-0

[Event "*** Titled Tuesday Blitz"]
[Site "Chess.com"]
[Date "2019.08.06"]
[Round "9"]
[White "WPWPWP-2015"]
[Black "Dhaydon19"]
[Result "1-0"]
[WhiteElo "2434"]
[BlackElo "2581"]
[TimeControl "180+2"]
[EndTime "15:07:48 PDT"]
[Termination "WPWPWP-2015 won by resignation"]

1. e4 c6 2. d4 d5 3. e5 c5 4. c4 cxd4 5. Nf3 Nc6 6. Nxd4 e6 7. cxd5 Qxd5 8. Nxc6 bxc6 9. Be2 Bb4+ 10. Nc3 Qxe5 11. O-O Ne7 12. Bf3 O-O 13. Re1 Qa5 14. Qc2 Ba6 15. Bd2 Rad8 16. a3 Bxc3 17. Bxc3 Qb6 18. Bb4 Rfe8 19. Rac1 Nd5 20. Bc5 Qb7 21. g3 Nf6 22. Be3 Bd3 23. Bxc6 Qb8 24. Qc3 Re7 25. Qb4 Qxb4 26. axb4 Rb8 27. Bc5 Kf8 28. Red1 Be2 29. Rd2 Bb5 30. Bxb5 Rxb5 31. Bxe7+ Kxe7 32. Rc7+ Ke8 33. Rxa7 Rxb4 34. Rc2 1-0

[Event "*** Titled Tuesday Blitz"]
[Site "Chess.com"]
[Date "2019.08.06"]
[Round "9"]
[White "warmoatmeal"]
[Black "JonahWillow"]
[Result "0-1"]
[WhiteElo "2052"]
[BlackElo "2627"]
[TimeControl "180+2"]
[EndTime "15:07:50 PDT"]
[Termination "JonahWillow won by resignation"]

1. d4 Nf6 2. Nf3 e6 3. Bf4 c5 4. e3 cxd4 5. exd4 b6 6. c3 Bb7 7. Nbd2 Be7 8. Bd3 O-O 9. O-O d6 10. Qe2 Nbd7 11. Ne4 Nxe4 12. Bxe4 Bxe4 13. Qxe4 d5 14. Qe2 a6 15. Ne5 Nxe5 16. Bxe5 b5 17. a3 Bd6 18. Bxd6 Qxd6 19. Qe5 Qxe5 20. dxe5 Rfc8 21.
a4 b4 22. cxb4 Rab8 23. b5 axb5 24. a5 b4 25. Ra4 Rc2 26. Rb1 b3 27. Ra3 g5 28. h4 gxh4 29. a6 Re2 30. f4 Kg7 31.
Kf1 Re4 32. a7 Ra8 33. Rba1 Rxf4+ 34. Kg1 Rb4 35. Ra6 Kg6 36. Rc6 Rb7 37. Rca6 Kf5 38. R6a4 Kxe5 39. Rxh4 Rbxa7 40. Rxa7 Rxa7 41. Rb4 d4 42.
Rxb3 Ke4 43. Kf2 e5 44. Rh3 Ra2 45. Rb3 f5 46. Ke2 h5 47. Rb8 f4 48. Rb7 h4 49.
Rb8 Ra1 50. Rb7 Rg1 51. Kf2 Rb1 52. Ke2 h3 53. gxh3 f3+ 54. Kf2 d3 55. Rb4+ Kf5 56. Rb8 d2 57. Rf8+ Ke4 58. Rd8 d1=Q 0-1

[Event "*** Titled Tuesday Blitz"]
[Site "Chess.com"]
[Date "2019.08.06"]
[Round "9"]
[White "FredddieCroderg"]
[Black "LuisFSiles"]
[Result "1/2-1/2"]
[WhiteElo "2159"]
[BlackElo "2187"]
[TimeControl "180+2"]
[EndTime "15:07:51 PDT"]
[Termination "Game drawn by repetition"]

1. d4 Nf6 2. Bg5 Ne4 3. Bf4 e6 4. e3 b6 5. Bd3 Bb7 6. Nf3 Bd6 7. Bxd6 cxd6 8. Nbd2 f5 9. c3 O-O 10. Qb3 d5 11. c4 Nxd2 12. Kxd2 dxc4 13. Bxc4 Nc6 14.
Bd3 Kh8 15. Rac1 Rc8 16. Rc2 Na5 17. Qa3 Be4 18. Rhc1 Rxc2+ 19. Rxc2 Qa8 20. Ke2 Rc8 21. Ne5 Rxc2+ 22. Bxc2 Bxc2 23. Qe7 Nc6 24. Nf7+ Kg8 25. Qxd7 Nxd4+ 26. Kd2 Ba4 27. Qxa4 Kxf7 28. Qxd4 Qxg2 29. Qd7+ Kf6 30. Qd8+ Kf7 31. Qd7+ Kf6 32. Qd8+ Kg6 33. Qe8+ Kf6 34. Qd8+ 1/2-1/2

[Event "*** Titled Tuesday Blitz"]
[Site "Chess.com"]
[Date "2019.08.06"]
[Round "9"]
[White "Bladel"]
[Black "payto1"]
[Result "0-1"]
[WhiteElo "2456"]
[BlackElo "2367"]
[TimeControl "180+2"]
[EndTime "15:07:52 PDT"]
[Termination "payto1 won by resignation"]

1. e4 c5 2. Nf3 d6 3. Bb5+ Nd7 4. O-O a6 5. Bd3 Ngf6 6. c3 b5 7. a4 b4 8. Re1 e5 9. Bc2 Bb7 10. d4 Be7 11. Nbd2 O-O 12. Nf1 Rc8 13. Ng3 g6 14. Bh6 Re8 15. Bb3 Ng4 16. Bd2 bxc3 17. bxc3 Qc7 18.
h3 Ngf6 19. dxe5 dxe5 20. Qc2 c4 21. Ba2 a5 22. Rab1 Ba6 23. Bg5 Nc5 24. Bxf6 Bxf6 25. Red1 Nd3 26. Ne1 Red8 27. Nf1 Bh4 28. g3 Be7 29.
Ne3 Bc5 30. Qe2 Qa7 31. N1c2 Kg7 32. Kg2 Qa8 33. Nxc4 Nxf2 34. Rxd8 Rxd8 35. Qf3 Qxe4 36. Qxe4 Nxe4 37. Nxe5 Nxc3 38. Rb2 Rd2+ 39. Kh1 Nxa2 40.
Nf3 Rd1+ 41. Nce1 Nb4 42. Kh2 Nd3 43. Nxd3 Rxd3 44. Rc2 Bb4 45. Ne5 Rd2+ 46. Rxd2 Bxd2 47. Nf3 Bb4 48. Kg2 Bb7 49. Kf2 Bxf3 50. Kxf3 f5 51.
g4 Kf6 0-1

[Event "*** Titled Tuesday Blitz"]
[Site "Chess.com"]
[Date "2019.08.06"]
[Round "9"]
[White "IakovUlivar"]
[Black "farzadbfd"]
[Result "0-1"]
[WhiteElo "2522"]
[BlackElo "2667"]
[TimeControl "180+2"]
[EndTime "15:08:00 PDT"]
[Termination "farzadbfd won by resignation"]

1. e4 e5 2. Nf3 Nc6 3. Bc4 Bc5 4.
O-O Nf6 5. d3 a6 6. a4 d6 7. c3 h6 8. Nbd2 O-O 9. Re1 Re8 10. Nf1 Be6 11. Bxe6 fxe6 12. b4 Bb6 13. Be3 Bxe3 14. Nxe3 Ne7 15. Qb3 Ng6 16. g3 Qe7 17.
Kg2 Rf8 18. Nd2 Rf7 19. Rf1 Nh7 20. h4 Raf8 21. Qd1 Nxh4+ 22. gxh4 Qxh4 23. f3 Rf6 24. Rh1 Rg6+ 25. Ng4 Qg5 26. Rh3 h5 27. Rg3 Qf4 28.
Nh6+ Qxh6 29. Nf1 Rxg3+ 30. Nxg3 Ng5 31. Qe2 h4 32. Rh1 Rxf3 33. Nf1 h3+ 34. Kh2 Qh4 35.
Rg1 Rf2+ 36. Qxf2 Qxf2+ 37. Kh1 Nf3 0-1